[Event "*** Titled Tuesday Blitz"]
[Site "Chess.com"]
[Date "2018.09.04"]
[Round "8"]
[White "Drags95"]
[Black "ahmadzada13"]
[Result "1/2-1/2"]
[WhiteElo "2659"]
[BlackElo "2645"]
[TimeControl "180+2"]
[EndTime "15:25:48 PDT"]
[Termination "Game drawn - insufficient material"]

1. e4 c5 2. Nf3 e6 3. d4 cxd4 4. Nxd4 Nf6 5. Nc3 d6 6. g4 Nc6 7. g5 Nd7 8. Be3 Be7 9. h4 O-O 10. Qd2 Nde5 11. Be2 Nxd4 12. Bxd4 Nc6 13. Be3 a6 14. f4 b5 15. Bf3 Bb7 16. O-O-O Qa5 17. Kb1 b4 18. Ne2 Rad8 19. h5 b3 20. cxb3 Qxd2 21. Rxd2 f6 22. g6 Rfe8 23. Nd4 Nxd4 24. Bxd4 f5 25. Re1 e5 26. fxe5 dxe5 27. Bc3 Rxd2 28. Bxd2 Bh4 29. Re2 hxg6 30. hxg6 Rf8 31. Bg2 fxe4 32. Bxe4 Rf2 33. Bd3 Rxe2 34. Bxe2 Be4+ 35.
Kc1 Bxg6 36. Bxa6 Kf7 37. Bc4+ Kf6 38. Be3 Be1 39. a3 Be4 40. b4 g5 41. Kd1 Bg3 42. a4 Bf4 43. Bc5 g4 44. a5 Bh2 45. b5 g3 46. a6 g2 47. b6 g1=Q+ 48. Bxg1 Bxg1 49. b7 Ba7 50. b4 Ke7 51. b5 Kd6 52. b6 Bb8 53. a7 Bxa7 54. bxa7 Bxb7 55. Ke2 Kc5 56.
Bd3 Kb6 57. Ke3 Kxa7 58. Be4 Bc8 59. Bd5 Bf5 60. Be4 Be6 61. Bf3 Bf5 62. Be4 Bc8 63. Bf3 Bb7 64. Bxb7 Kxb7 65. Ke4 Kc6 66. Kxe5 1/2-1/2

[Event "*** Titled Tuesday Blitz"]
[Site "Chess.com"]
[Date "2018.09.04"]
[Round "8"]
[White "jk13"]
[Black "Schachmalanders"]
[Result "1-0"]
[WhiteElo "2542"]
[BlackElo "2380"]
[TimeControl "180+2"]
[EndTime "15:25:48 PDT"]
[Termination "jk13 won by checkmate"]

1. e4 c5 2. c3 d5 3. exd5 Qxd5 4.
d4 Nc6 5. Nf3 Bg4 6. dxc5 Qxd1+ 7.
Kxd1 e5 8. Be3 e4 9. h3 Bxf3+ 10.
gxf3 exf3 11. Nd2 O-O-O 12. Kc2 Nf6 13. Nxf3 Nd5 14. b4 Nxe3+ 15. fxe3 Be7 16. Bc4 f5 17. Be6+ Kc7 18. Bxf5 Bf6 19. Rad1 g6 20. Be4 Ne5 21. Nd4 Rhe8 22. Nb5+ Kb8 23. Rxd8+ Rxd8 24. Rd1 Rxd1 25. Kxd1 Nc4 26. Ke2 a6 27. Nd4 Kc7 28. Bd5 Ne5 29. Ne6+ Kc8 30. a4 g5 31. Be4 h5 32. Bf5 Kb8 33. b5 Nc4 34. c6 Be5 35. Nc5 axb5 36. axb5 bxc6 37. bxc6 Kc7 38. Ne6+ Kxc6 39. Nxg5 Bxc3 40.
Kd3 Bf6 41. Ne6 Nd6 42. Bg6 h4 43. Nf4 Kd7 44. Bh5 Bd8 45. Bg4+ Kc6 46. Ng6 Kd5 47.
e4+ Kc5 48. e5 Nc8 49. Bxc8 Kd5 50. Bb7+ Ke6 51. Ke4 Bc7 52. Bd5+ Kd7 53. Kf5 Ke8 54. e6 Bd6 55. Bc6+ Kd8 56. Kf6 Bb4 57. Kf7 Kc7 58.
Ba4 Bc5 59. Nxh4 Bb4 60. Nf5 Kb6 61. e7 Bxe7 62. Nxe7 Ka5 63. h4 Kxa4 64. h5 Kb5 65. h6 Kc5 66. h7 Kd6 67. h8=Q Kc5 68. Qe5+ Kb4 69. Nc6+ Kc4 70. Ke6 Kd3 71. Qf4 Kc3 72.
Kd5 Kd3 73. Qf3+ Kc2 74. Kc4 Kb1 75. Qf2 Ka1 76. Kc3 Kb1 77. Qb2# 1-0

[Event "*** Titled Tuesday Blitz"]
[Site "Chess.com"]
[Date "2018.09.04"]
[Round "8"]
[White "AlexanderL"]
[Black "danyuffa"]
[Result "0-1"]
[WhiteElo "2817"]
[BlackElo "2721"]
[TimeControl "180+2"]
[EndTime "15:26:01 PDT"]
[Termination "danyuffa won on time"]

1. Nf3 Nf6 2. c4 g6 3. Nc3 Bg7 4. e4 d6 5. d4 O-O 6. Be2 e5 7. O-O Nc6 8. Be3 Ng4 9. Bg5 f6 10. Bh4 g5 11. Bg3 Nh6 12. d5 Ne7 13. Nd2 Ng6 14.
Rc1 f5 15. exf5 Nxf5 16. Nde4 Nf4 17. Bg4 Nd4 18. Bxc8 Rxc8 19. f3 h5 20. Bf2 Qe7 21. Be3 Nf5 22. Bd2 Bh6 23. Rb1 Qg7 24. h3 Qg6 25. c5 Kh8 26. cxd6 cxd6 27. Kh2 h4 28. Kg1 Rc7 29. Qa4 a6 30. Nf2 Ng3 31. Rfe1 g4 32. hxg4 Nxg2 33. Kxg2 Bxd2 34. Rh1 Nxh1 35. Rxh1 Rh7 36. Nce4 Be3 37. Nh3 Rhf7 38. Qd1 Rxf3 39.
Qxf3 Rxf3 40. Kxf3 Bh6 41. Nhf2 Qf7+ 42. Kg2 Qe7 43. Rh3 Kg7 44. Rc3 Bf4 45. Rd3 Qc7 46.
Rc3 Qf7 47. Rd3 Bg3 48. Nh3 Qg6 49. Nhg5 Bf4 50. Ne6+ Kg8 51. Kf3 h3 52. Rc3 h2 53.
Rc8+ Kh7 54. Nf8+ Kh6 55. Nxg6 h1=Q+ 0-1

[Event "*** Titled Tuesday Blitz"]
[Site "Chess.com"]
[Date "2018.09.04"]
[Round "8"]
[White "wannabe2700"]
[Black "Orest_Vovk"]
[Result "1-0"]
[WhiteElo "2593"]
[BlackElo "2437"]
[TimeControl "180+2"]
[EndTime "15:26:12 PDT"]
[Termination "wannabe2700 won by checkmate"]

1. d4 Nc6 2. d5 Ne5 3. f4 Ng6 4. e4 e5 5. dxe6 dxe6 6. Qxd8+ Kxd8 7. Nf3 Bc5 8. Nc3 Nh6 9. Bd3 Ng4 10. Ke2 Nf2 11. Rf1 Nxd3 12. cxd3 a6 13. d4 Ba7 14. h4 Bd7 15. h5 Ne7 16. Be3 b5 17. b4 a5 18. a3 Bb6 19. h6 gxh6 20. Rh1 Rg8 21. Kf2 Be8 22. Ne5 Nc6 23. Nxc6+ Bxc6 24. Rac1 axb4 25.
axb4 Bb7 26. Rxh6 Ra3 27. Rxh7 Rb3 28. Rxf7 Rb2+ 29. Kf3 Ke8 30. Rh7 Rxb4 31. g4 Rb3 32. g5 b4 33. Nb5 Kd8 34. Nxc7 Bc8 35. Rc6 Bxc7 36. Rcxc7 Rb1 37. d5 Rb3 38. d6 Rc3 39. Rxc3 bxc3 40. Rc7 Rh8 41. g6 Rh3+ 42. Kg4 Rh2 43.
Kg3 Rh8 44. g7 Rg8 45. Bd4 Bd7 46. Bxc3 Ke8 47. Kh4 Kd8 48. Kg5 e5 49. Bxe5 Be6 50. Bf6+ Ke8 51. Re7+ Kd8 52. Rxe6+ Kd7 53. f5 Rc8 54. e5 Kc6 55. Re7 Kd5 56. Rf7 Rc1 57. Rf8 Rg1+ 58. Kh6 Ke4 59. g8=Q Rh1+ 60. Kg6 Kf4 61.
Bg5+ Kg4 62. Qc4+ Kh3 63. Rh8+ Kg2 64. Qe4+ Kg3 65. Bf4+ Kg4 66. Be3+ Kg3 67. Qf4+ Kg2 68. Qf2# 1-0

[Event "*** Titled Tuesday Blitz"]
[Site "Chess.com"]
[Date "2018.09.04"]
[Round "8"]
[White "r31415"]
[Black "PaulfromSPb"]
[Result "0-1"]
[WhiteElo "2370"]
[BlackElo "2620"]
[TimeControl "180+2"]
[EndTime "15:26:14 PDT"]
[Termination "PaulfromSPb won by checkmate"]

1. e4 c5 2. Nf3 d6 3. d4 cxd4 4. Nxd4 Nf6 5. Nc3 a6 6. h3 e5 7. Nde2 h5 8. Ng1 b5 9. Nf3 Bb7 10. Ng5 Nbd7 11. Qf3 Be7 12. Bd3 Nc5 13. Be3 Nxd3+ 14.
cxd3 d5 15. exd5 Bxd5 16. Nxd5 Qxd5 17. O-O Rd8 18. Rfd1 O-O 19. Ne4 Kh8 20. Qf5 Nxe4 21. Qxh5+ Kg8 22. dxe4 Qxe4 23. Re1 Qd5 24. Bb6 Rde8 25.
Rxe5 Qc6 26. Be3 Bf6 27. Rc5 Qe4 28. Qg4 Bxb2 29. Qxe4 Rxe4 30. Rd1 Ra4 31. Rd2 Bf6 32. Rc6 Re8 33. g3 Re6 34. Rc8+ Kh7 35. h4 b4 36. Kg2 a5 37. Rb8 Ra3 38. Rc2 Rc3 39. Rd2 Rc4 40.
Rd7 Re7 41. Rdd8 g6 42. Rd6 Be5 43. Rdb6 Bxb8 44. Rxb8 f6 45. Rb6 Kg7 46. Kh3 a4 47. Ra6 b3 48. axb3 axb3 49. Rb6 Rxe3 50. fxe3 Rc3 51.
e4 Re3 52. Rb7+ Kh6 53. Rb4 Kh5 54. Rb5+ Kh6 55. Rb4 Kg7 56. Kg2 Re2+ 57. Kf3 Rb2 58. Rb7+ Kh6 59. Rb6 Kg7 60. Rb7+ Kf8 61. Rb6 Ke7 62.
Rb7+ Ke6 63. Rb6+ Ke5 64. Rb4 Kd6 65. Rb6+ Kc5 66. Rxf6 Rf2+ 67. Kxf2 b2 68. Rxg6 b1=Q 69. Rg4 Kd4 70. Kf3 Qf1# 0-1

[Event "*** Titled Tuesday Blitz"]
[Site "Chess.com"]
[Date "2018.09.04"]
[Round "8"]
[White "MikaelyanArman"]
[Black "Bryakin_Mikhail"]
[Result "0-1"]
[WhiteElo "2664"]
[BlackElo "2557"]
[TimeControl "180+2"]
[EndTime "15:26:15 PDT"]
[Termination "Bryakin_Mikhail won by resignation"]

1. e4 c5 2. Nc3 Nc6 3. Bb5 g6 4. Bxc6 dxc6 5. d3 Bg7 6. Be3 b6 7. f4 Nf6 8. h3 O-O 9. Nf3 Ne8 10.
Qe2 Nc7 11. O-O-O Ne6 12. e5 Nd4 13. Bxd4 cxd4 14. Ne4 c5 15. g4 Qd5 16. Kb1 f5 17. c4 Qc6 18. gxf5 Bxf5 19. Ng3 Bh6 20. Ng5 Bxg5 21.
fxg5 Be6 22. Rhf1 Bxh3 23. Rxf8+ Rxf8 24. Ne4 Bf5 25. Ng3 Qe6 26. Rh1 Bg4 27. Qh2 Rf7 28. Re1 Bf5 29. Nxf5 Rxf5 30. Qh3 Rf6 31. Qh1 Rf8 32. Qb7 Qf5 33. Rd1 Qf3 34. Qd5+ Qxd5 35. cxd5 Rd8 36. d6 exd6 37. e6 Re8 38. Re1 Kg7 39.
Kc2 h6 40. gxh6+ Kxh6 41. Kd2 Kg5 42. Re4 Kf6 43. Rh4 Rxe6 44. Rh7 Re7 45. Rh8 Rg7 46. Rf8+ Ke6 47. Ke2 g5 48. Re8+ Kd5 49. Kf3 Rf7+ 50. Kg3 Rf1 51. Re2 Rd1 52. Kg4 Rxd3 53. Kxg5 Re3 54.
Rf2 d3 55. Kf4 Re2 56. Rf3 c4 57. b3 b5 58. bxc4+ bxc4 59. a4 Kd4 60. Rxd3+ cxd3 0-1

[Event "*** Titled Tuesday Blitz"]
[Site "Chess.com"]
[Date "2018.09.04"]
[Round "8"]
[White "Nowaybacksasha"]
[Black "oskariot"]
[Result "1/2-1/2"]
[WhiteElo "2812"]
[BlackElo "2507"]
[TimeControl "180+2"]
[EndTime "15:26:16 PDT"]
[Termination "Game drawn by repetition"]

1. d4 g6 2. c4 Bg7 3. Nf3 d6 4. Nc3 e5 5. Bg5 f6 6. Bh4 Nc6 7. e3 Nh6 8. dxe5 dxe5 9. Qxd8+ Kxd8 10. O-O-O+ Bd7 11. Ne4 g5 12. Nc5 Nb8 13. Bxg5 fxg5 14. Ne6+ Ke7 15. Nxg7 Ng4 16. Rd2 Nc6 17. Nh5 Raf8 18. h3 Nf6 19. Nxf6 Rxf6 20. Nxg5 Bf5 21. a3 Na5 22. Rd5 Nb3+ 23. Kd1 Rd8 24. Rxd8 Kxd8 25. Nf3 Be4 26. Be2 Rd6+ 27. Ke1 Bxf3 28. Bxf3 Rd2 29. h4 Rxb2 30. Rh3 Nc5 31. Be2 Rb1+ 32. Kd2 Rb2+ 33. Ke1 Rb1+ 34. Kd2 Rb2+ 35. Ke1 Rb1+ 36. Bd1 Ne4 37. Rf3 Nc3 38. Kd2 Nxd1 39. Rf7 Nb2 40. Kc2 Rg1 41. Kxb2 Rxg2 42. Kc3 h5 43.
Kd3 Rg4 44. Rf5 e4+ 45. Kd4 Rxh4 46. Ke5 Kd7 47. Rf6 a6 48. a4 Rg4 49. Rh6 h4 50. Kd5 b6 51. Rh7+ Kc8 52. Kc6 Rg6+ 53. Kd5 Rg4 54. Kc6 Rg6+ 55. Kd5 Rg4 56. Kc6 1/2-1/2

[Event "*** Titled Tuesday Blitz"]
[Site "Chess.com"]
[Date "2018.09.04"]
[Round "8"]
[White "Fighter008"]
[Black "patrisiii123"]
[Result "0-1"]
[WhiteElo "2432"]
[BlackElo "2326"]
[TimeControl "180+2"]
[EndTime "15:26:19 PDT"]
[Termination "patrisiii123 won by checkmate"]

1. Nf3 c5 2. e4 e6 3. d4 cxd4 4.
Nxd4 a6 5. Nc3 Qc7 6. Bd3 b5 7. O-O Bb7 8. Qe2 Nc6 9. Nxc6 Qxc6 10. a4 b4 11. Nd5 Nf6 12. Nxf6+ gxf6 13. Bd2 h5 14. c3 b3 15. c4 h4 16. h3 Rg8 17.
Bc3 Rg6 18. a5 Be7 19. f3 Bc5+ 20. Kh1 O-O-O 21. Be1 Rdg8 22. Bxh4 Rxg2 23. Qxg2 Rxg2 24. Kxg2 Qd6 25. Rad1 Qd4 26. Rd2 Bd6 27. c5 Bxc5 28. Rc1 d6 29. Bf2 Qb4 30. Rc3 Kb8 31. Bxc5 dxc5 32. Bc4 Qxa5 33. Rd7 Qa1 34. Rd2 Ka7 35. h4 Bc6 36. h5 Qe1 37. Rd6 Bb5 38. Bxb5 axb5 39.
Rxc5 Qh4 40. Rc7+ Kb8 41. Rdd7 Qxh5 42. Rb7+ Kc8 43. Rbc7+ Kb8 44. Rxf7 Qg5+ 45. Kf2 Qd2+ 46. Kg3 Qg5+ 47. Kf2 Qd2+ 48. Kg3 Qg5+ 49. Kh3 Qh5+ 50. Kg2 Qg5+ 51. Kf1 Qe3 52. Rb7+ Kc8 53. Rfc7+ Kd8 54.
Rd7+ Kc8 55. Kg2 Qd2+ 56. Kg3 Qg5+ 57. Kf2 Qh4+ 58. Kg2 Qg5+ 59. Kh3 Qh5+ 60. Kg3 Qg5+ 61. Kf2 Qh4+ 62. Ke2 Qh2+ 63. Kd3 Qc2+ 64. Ke3 Qc1+ 65. Kf2 Qxb2+ 66. Kg1 Qc1+ 67. Kg2 b2 68. Rh7 b1=Q 69.
Rbg7 Qbc2+ 70. Kh3 Qh1+ 71. Kg4 Qcg2+ 72. Kf4 Qd2+ 73.
Kg4 Qg1+ 74. Kh5 Qdh2# 0-1

[Event "*** Titled Tuesday Blitz"]
[Site "Chess.com"]
[Date "2018.09.04"]
[Round "8"]
[White "chito89"]
[Black "Ksenia_Legenko"]
[Result "1/2-1/2"]
[WhiteElo "2657"]
[BlackElo "2056"]
[TimeControl "180+2"]
[EndTime "15:26:22 PDT"]
[Termination "Game drawn by agreement"]

1. e4 c6 2. d4 d5 3. exd5 cxd5 4. Nf3 Nc6 5. c4 Nf6 6. Nc3 g6 7. Be2 Bg7 8. O-O O-O 9. Bg5 dxc4 10. Bxc4 h6 11. Bf4 b6 12. h3 Bb7 13. Qd2 Rc8 14. Be2 Kh7 15. Rfd1 Qd7 16. Rac1 Rfd8 17. a3 e6 18. Qe1 Ne7 19. Ne5 Qe8 20. Bb5 Qf8 21. Qe2 Nfd5 22. Bg3 Nf5 23. Nxd5 Rxd5 24. Rxc8 Bxc8 25.
Nf3 Nxg3 26. fxg3 Qd6 27. Kh2 Bb7 28. Bc4 Rh5 29. Qf2 Rf5 30. Bd3 Bxf3 31. gxf3 Rd5 32. Be4 Rxd4 33. Rxd4 Bxd4 34. Qe2 Kg7 35. f4 Bf6 36. a4 Qb4 37. Bc6 Bxb2 38. Bb5 Bd4 39. Qc2 Qe1 40. Qg2 Qe3 41. Bc6 h5 42. h4 a6 43. Bb7 Qe1 44. Bxa6 Qe3 45. Bb5 f6 46. Bd7 Kh6 47. Bb5 g5 48. fxg5+ fxg5 49. hxg5+ Kxg5 50. Bc4 e5 51. Bb5 e4 52. Bc6 Kf5 53. Qh3+ Kf6 54. Qf1+ Ke5 55. Qg2 Qe1 56. Bb7 Qe3 57. Bc6 Qf2 58.
Qxf2 Bxf2 59. Kg2 Bc5 60. Be8 Kf5 61. Bxh5 Ke5 62. g4 Be3 63. Bg6 Bg5 64. Bf5 Kf4 65.
Kf1 Be7 66. Ke2 Bg5 1/2-1/2

[Event "*** Titled Tuesday Blitz"]
[Site "Chess.com"]
[Date "2018.09.04"]
[Round "8"]
[White "W_Amadeus"]
[Black "Blitzstream"]
[Result "1-0"]
[WhiteElo "2586"]
[BlackElo "2584"]
[TimeControl "180+2"]
[EndTime "15:26:41 PDT"]
[Termination "W_Amadeus won by resignation"]

1. d4 g6 2. c4 Bg7 3. e4 d6 4.
Nc3 b6 5. h3 Bb7 6. Nf3 e6 7.
Bd3 Nd7 8. O-O Ne7 9. Bc2 h6 10. Be3 a6 11. Qd2 e5 12. Nd5 Nxd5 13. cxd5 Qe7 14. Rac1 Rc8 15. Rfd1 Kf8 16. b4 Kg8 17. Bd3 Kh7 18. Rc2 f5 19. exf5 e4 20. fxg6+ Kxg6 21. Ne5+ Nxe5 22. Bxe4+ Kf7 23. dxe5 Bxe5 24. Bf5 Rhg8 25.
Rdc1 Kg7 26. Bxh6+ Kh8 27. Bxc8 Rxc8 28. Qg5 Bf6 29. Qh5 Qh7 30. Rxc7 Rxc7 31. Qe8+ Qg8 32. Qxg8+ Kxg8 33. Rxc7 Bxd5 34. Be3 b5 35. a3 Bb2 36. Bc1 Bd4 37. Rd7 Be5 38. Ra7 Bc4 39. Rxa6 d5 40.
Ra8+ Kf7 41. a4 bxa4 42. Rxa4 d4 43. Bb2 Ke6 44. Ra5 Bd5 45. Rc5 d3 46. Bc1 Bd4 47. Rxd5 Kxd5 48. Bd2 Kc4 49. Kf1 Kb3 50. b5 Kc2 51. Bg5 Kb3 52. h4 Kc4 53. Ke1 Kxb5 54. Kd2 Kc4 55. f3 Bc3+ 56. Kd1 Kd5 57. g4 Ke5 58. h5 Ke6 59. Bd2 Bd4 60. Ke1 Kf6 61.
Kf1 Kg7 62. Kg2 Kf6 63. f4 Ke6 64. Kf3 Kd5 65. h6 Kc4 66. Ke4 Bc3 67. h7 Bh8 68. g5 Kc5 69. f5 Kd6 70. Kxd3 Ke7 71. Bc3 Kf8 72. Bxh8 Kf7 73. g6+ 1-0

[Event "*** Titled Tuesday Blitz"]
[Site "Chess.com"]
[Date "2018.09.04"]
[Round "8"]
[White "Gareth-Bale11"]
[Black "Barcelona_Guy"]
[Result "1/2-1/2"]
[WhiteElo "2617"]
[BlackElo "2549"]
[TimeControl "180+2"]
[EndTime "15:26:47 PDT"]
[Termination "Game drawn by agreement"]

1. e4 c6 2. d3 d5 3. Nd2 e5 4. Ngf3 Bd6 5. d4 exd4 6. exd5 cxd5 7. Nxd4 Nf6 8. Be2 O-O 9. O-O Nc6 10. N2f3 Re8 11.
c3 Bg4 12. h3 Bh5 13. Re1 a6 14. Be3 Qc7 15. Nf5 Bf8 16. N3h4 Bg6 17. Nxg6 hxg6 18. Nd4 Ne5 19. Qb3 Rad8 20. Rad1 Ne4 21. Nf3 Nc4 22.
Bd4 b5 23. Qc2 Bc5 24. Bd3 Ncd6 25. Bxc5 Qxc5 26. a3 Rc8 27. Nd4 Nf6 28. Qc1 Nde4 29. f3 Nd6 30. Rxe8+ Rxe8 31. Re1 Rd8 32. Qf4 Nc4 33.
Re2 a5 34. Kh2 b4 35. axb4 axb4 36. Nb3 Qb5 37. Bxc4 dxc4 38. Nd4 Qc5 39. Qe5 Qb6 40. Qg5 b3 41. h4 Qd6+ 42. Qe5 Nd5 43. Qxd6 Rxd6 44. Re8+ Kh7 45. Rc8 Ne3 46. Rc7 Kg8 47. Rc8+ Kh7 48. Rc7 f6 49. Kg1 f5 50. Kh2 f4 51. g3 Nf1+ 52. Kg2 Nxg3 53. Rxc4 Nf5 54. Nxf5 gxf5 55. Rxf4 Rd2+ 56. Kg3 Rxb2 57. Rxf5 Rc2 58. Rc5 b2 59. Rb5 Kg6 60. c4 Kf6 61. h5 Ke6 62.
f4 Kd6 63. Kg4 Ke6 64. Rb6+ Kf7 65. Kf5 Rh2 66. Rb7+ Kg8 67. Kg6 Rg2+ 68. Kf5 Rc2 69. Kg4 Kh7 70. Kg5 Rg2+ 71. Kf5 Rc2 72. Rb5 Kh6 73. Kg4 Rg2+ 74. Kh4 Rh2+ 75. Kg4 Rg2+ 76. Kf3 Rc2 77. Kg4 1/2-1/2

[Event "*** Titled Tuesday Blitz"]
[Site "Chess.com"]
[Date "2018.09.04"]
[Round "8"]
[White "GMWSO"]
[Black "Arash_Tahbaz"]
[Result "1/2-1/2"]
[WhiteElo "2956"]
[BlackElo "2767"]
[TimeControl "180+2"]
[EndTime "15:26:49 PDT"]
[Termination "Game drawn by agreement"]

1. Nf3 Nf6 2. c4 e6 3. b3 d5 4.
Bb2 Be7 5. e3 O-O 6. Nc3 c5 7.
cxd5 Nxd5 8. Qc2 Nc6 9. a3 b6 10. h4 h6 11. O-O-O Bb7 12. Ng5 Nf6 13. Nce4 Re8 14.
Bc4 Nxe4 15. Qxe4 Bxg5 16. hxg5 Qxg5 17. f4 Qf5 18. Qxf5 exf5 19. Rh5 Bc8 20. Bd5 Bd7 21. Rdh1 Rac8 22. R1h3 Ne7 23. Bc4 Ng6 24. Bd3 Be6 25.
Bxf5 Bxf5 26. Rxf5 Ne7 27. Rfh5 f6 28. g4 Kf7 29. g5 hxg5 30. fxg5 f5 31. g6+ Kxg6 32.
Rh7 Rg8 33. Rxg7+ Rxg7 34. Rg3+ Kf7 35. Rxg7+ Ke6 36. Rh7 Rg8 37. Kc2 Nc6 38. Rh6+ Kd7 39. Rf6 Rg5 40. Bc3 Rh5 41. Rf7+ Ke6 42. Rf6+ Kd7 43. b4 cxb4 44. axb4 b5 45. Rf7+ Ke6 46. Rb7 f4 47. exf4 Rf5 48. Kd3 Rxf4 49. Rxb5 Kd7 50.
Rd5+ Ke6 51. Rb5 Kd7 52. Ke3 Rh4 53. Rd5+ Ke6 54. Rb5 Kd7 55. Kd3 a6 56. Rb7+ Kc8 57.
Rb6 Kc7 58. Rxa6 Nxb4+ 59. Bxb4 Rxb4 60. Ke3 Rh4 61. Ra5 Kd6 62. Kd3 Rg4 63. Kc3 Rh4 64. Rf5 Kc6 65. Rf3 Kd5 66. Rd3+ Kc5 67. Rd8 Kc6 68. d3 Rg4 69. d4 Rg1 70. Rh8 Rc1+ 71. Kd3 Rd1+ 72. Ke3 Kd5 73. Rd8+ Ke6 74. Re8+ Kd5 75.
Re5+ Kd6 76. Rh5 Re1+ 77. Kd2 Rg1 78. Kc3 Rc1+ 79. Kd3 Rd1+ 80. Ke3 Re1+ 81. Kd2 Ra1 1/2-1/2

[Event "*** Titled Tuesday Blitz"]
[Site "Chess.com"]
[Date "2018.09.04"]
[Round "8"]
[White "51616516516"]
[Black "OglazaOskar2005"]
[Result "0-1"]
[WhiteElo "2196"]
[BlackElo "2309"]
[TimeControl "180+2"]
[EndTime "15:26:58 PDT"]
[Termination "OglazaOskar2005 won by resignation"]

1. d4 Nf6 2. c4 g6 3. Nf3 Bg7 4. g3 O-O 5. Bg2 d5 6. cxd5 Nxd5 7. O-O Nb6 8. Nc3 Nc6 9. d5 Na5 10. Qc2 Nac4 11. b3 Nd6 12. Bb2 Bf5 13. Qd2 e6 14.
e4 Nxe4 15. Nxe4 Bxb2 16. Qxb2 Bxe4 17. dxe6 fxe6 18. Qe2 Qd5 19. Nh4 Bxg2 20. Nxg2 Rae8 21. Nf4 Qf5 22. Rac1 e5 23. Ng2 c6 24. Ne3 Qe6 25. Rcd1 Nd5 26. Nxd5 cxd5 27. Qb5 d4 28. Qxb7 a5 29. Qe4 a4 30. bxa4 Qxa2 31. Ra1 Qe6 32. a5 Qf5 33. Qd5+ Qf7 34. Qe4 Qf3 35. Qxf3 Rxf3 36.
a6 Rf7 37. Rfe1 d3 38. a7 Ra8 39. Rxe5 Raxa7 40. Rxa7 Rxa7 41. Rd5 Ra3 42. Kg2 Kf7 43.
Kf3 Ke6 44. Rd8 Ke7 45. Rd4 d2+ 46. Ke2 Ra1 47. Rxd2 Rh1 48. h4 Kf6 49. Kf3 Ra1 50. Rb2 h5 51. Rb6+ Kg7 52. Rb4 Ra3+ 53.
Kf4 Ra6 54. Rb2 Rf6+ 55. Ke4 Kh6 56. f4 Re6+ 57. Kf3 Rd6 58. Rb3 Kg7 59. Ke4 Kf6 60. Ra3 Re6+ 61. Kd5 Rb6 62. Rc3 Kf5 63. Kc5 Rb1 64. Kd6 Re1 65. Rd3 Kg4 66. Rc3 Rg1 67.
Ke6 Rxg3 68. Rxg3+ Kxg3 69. Kf6 Kxf4 70. Kxg6 Kg4 71.
Kf6 Kxh4 72. Ke5 Kg3 73. Ke4 h4 0-1

[Event "*** Titled Tuesday Blitz"]
[Site "Chess.com"]
[Date "2018.09.04"]
[Round "8"]
[White "evgenysharapov"]
[Black "Korchmar_Vasiliy"]
[Result "0-1"]
[WhiteElo "2435"]
[BlackElo "2649"]
[TimeControl "180+2"]
[EndTime "15:27:35 PDT"]
[Termination "Korchmar_Vasiliy won on time"]

1. e4 c5 2. Nf3 e6 3. d4 cxd4 4. Nxd4 a6 5. Bd3 Nf6 6. O-O Qc7 7. Qe2 d6 8. c4 g6 9. Nc3 Bg7 10. Be3 O-O 11. f3 b6 12. Qf2 Bb7 13. Rfd1 Nbd7 14. Rac1 Rfe8 15. Bf1 Rac8 16. b4 Qb8 17. Nb3 Ba8 18. Na4 d5 19. exd5 exd5 20. c5 bxc5 21. bxc5 Ne5 22. Nb6 Neg4 23. fxg4 Nxg4 24. Qg3 Nxe3 25.
Nxc8 Be5 26. Qh3 Nxd1 27. Rxd1 Rxc8 28. Bxa6 Re8 29. Bd3 Qa7 30. Bb5 Rb8 31. a4 Qc7 32. g3 h5 33. Qf1 h4 34. gxh4 Bxh2+ 35. Kh1 Be5 36. Nd4 Qe7 37. Qf2 Qxc5 38. Qe3 Bg7 39. Kh2 Qd6+ 40. Kh1 Qf6 41. Qg3 Rc8 42. h5 gxh5 43. Qh3 Rd8 44. Qxh5 Bb7 45. a5 Kf8 46. a6 Bxa6 47. Bxa6 Qxa6 48. Nf5 Qg6 49. Qxg6 fxg6 50. Nxg7 Kxg7 51. Kg2 Kf6 52. Kf3 Kf5 53. Ra1 Rb8 54. Ra3 Rb4 55. Rd3 Ke5 56. Re3+ Re4 57. Ra3 g5 58. Ra8 Rf4+ 59. Ke3 d4+ 60. Kd3 Rf3+ 61. Ke2 Re3+ 62. Kd2 Rh3 63. Re8+ Kf4 64. Rf8+ Kg4 65.
Rd8 d3 66. Rd4+ Kf5 67. Rd5+ Kf4 68. Rd4+ Kf5 69. Rd5+ Kg6 70. Rd8 Kh5 71. Rd5 Rf3 72. Rc5 Kh4 0-1

[Event "*** Titled Tuesday Blitz"]
[Site "Chess.com"]
[Date "2018.09.04"]
[Round "8"]
[White "lucasmito"]
[Black "Bad4life"]
[Result "0-1"]
[WhiteElo "2341"]
[BlackElo "2420"]
[TimeControl "180+2"]
[EndTime "15:27:41 PDT"]
[Termination "Bad4life won by checkmate"]

1. e4 d6 2. d4 Nf6 3. Nc3 g6 4. Be3 a6 5. f3 Bg7 6. Qd2 b5 7. h4 h5 8. d5 c5 9. dxc6 Nxc6 10. Nge2 Be6 11. Nd4 Nxd4 12. Bxd4 Rc8 13. a4 b4 14. Nd5 Bxd5 15. exd5 Qa5 16. c3 bxc3 17. Bxc3 Qb6 18. a5 Qb7 19. Ra4 O-O 20. Bc4 Rc5 21. Rb4 Qc7 22.
b3 Rxa5 23. O-O Rc5 24. Bd4 a5 25. Ra4 Ra8 26. Bxc5 Qxc5+ 27. Kh1 Nd7 28. Ra2 Bf6 29. g3 Ne5 30. Rc2 Kg7 31. Qe2 Qb4 32. Kg2 Rc8 33. Rfc1 Qa3 34. Qe1 Qc5 35. Qe2 Qb4 36. Ra2 Rc5 37. Ra4 Qb7 38. f4 Ng4 39. Kh3 Qd7 40. Kg2 Qb7 41. Kh3 Qa8 42. Kg2 Bd4 43. Qf3 Ne3+ 44.
Kh1 Nf5 45. Kg2 Qb7 46. Qe4 Bf6 47. Rd1 Qb6 48. Rd3 Rc7 49. Qf3 Qa7 50. Qf2 Bd4 51.
Qf3 Bc5 52. Qe4 Bg1 53. Qf3 Nd4 54. Qf1 Be3 55. Rxe3 Nf5 56. Rd3 Ne3+ 57. Rxe3 Qxe3 58. Qf2 Qe4+ 59. Kh2 Rc5 60. Qb2+ Kh7 61. Qf2 Qf5 62.
Qf3 Qc2+ 63. Qg2 Qd1 64. Qf2 Kg8 65. Kg2 Qb1 66. Qe2 Kh7 67. Qxe7 Qc2+ 68. Kf1 Qc1+ 69. Kf2 Qc2+ 70. Qe2 Qc1 71. f5 Qh1 72. fxg6+ Kg7 73. gxf7 Qh2+ 74. Kf3 Qh1+ 75. Qg2 Qd1+ 76. Qe2 Qh1+ 77.
Kf4 Rc7 78. Kg5 Rxf7 79. Ra2 Qc1+ 80. Rd2 Qc3 81. Rd3 Qf6+ 82. Kxh5 Qg6# 0-1

[Event "*** Titled Tuesday Blitz"]
[Site "Chess.com"]
[Date "2018.09.04"]
[Round "8"]
[White "timator"]
[Black "biostatistician"]
[Result "0-1"]
[WhiteElo "2408"]
[BlackElo "2475"]
[TimeControl "180+2"]
[EndTime "15:28:04 PDT"]
[Termination "biostatistician won by resignation"]

1. Nf3 Nf6 2. g3 g6 3. Bg2 Bg7 4. O-O O-O 5. d4 b6 6. c4 Bb7 7. Nc3 Ne4 8. Qc2 Nxc3 9. Qxc3 c5 10. Be3 Nc6 11. Qd2 Nxd4 12. Nxd4 Bxg2 13. Kxg2 cxd4 14. Bxd4 d6 15. Bxg7 Kxg7 16. b3 Qc7 17. Qd4+ f6 18. h4 Qc5 19. Rad1 Qxd4 20. Rxd4 Rfc8 21. Rfd1 Rc5 22.
Rd5 Rac8 23. Rxc5 bxc5 24. Rd5 a5 25. Rd3 Ra8 26. Kf3 Kf7 27. Ke4 a4 28. f4 axb3 29.
axb3 Ra2 30. Kf3 h5 31. e4 Rb2 32. Re3 Ke6 33. Rd3 f5 34. Re3 Kd7 35. Rd3 Kc6 36.
Re3 Kd7 37. Rd3 Rb1 38. Re3 Rd1 39. Rc3 e6 40. Re3 Rd4 41. e5 d5 42. Rc3 Kc6 43. Ke3 Re4+ 44. Kf3 Rd4 45. Ke2 Kb6 46. cxd5 exd5 47.
Rd3 Re4+ 48. Re3 Kc6 49. Kd2 Rd4+ 50. Rd3 Rb4 51. Re3 Kd7 52. Rc3 Rb5 53. Kc2 Ke6 54. Rd3 d4 55. Rd1 Kd5 56. Ra1 Rb6 57. Ra8 Ke4 58. Rd8 Ke3 59. Rd5 Rc6 60. Rd6 Rc7 61. Rd5 c4 62. b4 Re7 63. b5 Re6 64. Rd8 c3 65. Rd5 Rb6 66. Kb3 Re6 67. Kc2 Ke4 68. Rd6 Re7 69. b6 Rb7 70. e6 Ke3 71. Kb3 Kd3 72. Rc6 Kd2 73. Kc4 c2 74. Kxd4 Rxb6 75. Rxc2+ Kxc2 76. Ke5 Kd3 77. e7 Rb8 78. Kf6 Ke4 79.
Kxg6 Re8 80. Kf7 Rb8 81. Kg6 Kf3 82. Kxf5 Kxg3 83. Ke5 Re8 84. f5 Rxe7+ 85. Kf6 Ra7 86. Kg5 Ra5 87. Kg6 Kxh4 0-1

[Event "*** Titled Tuesday Blitz"]
[Site "Chess.com"]
[Date "2018.09.04"]
[Round "8"]
[White "novocane"]
[Black "twitchTriniCupid"]
[Result "1/2-1/2"]
[WhiteElo "2126"]
[BlackElo "2199"]
[TimeControl "180+2"]
[EndTime "15:28:06 PDT"]
[Termination "Game drawn by agreement"]

1. d4 Nf6 2. c4 e6 3. Nc3 Bb4 4. e3 O-O 5. Ne2 c5 6. a3 cxd4 7. exd4 Be7 8. g3 Qc7 9. b3 d5 10. Bf4 Qd8 11. Bxb8 Rxb8 12. c5 Ne4 13. Nxe4 dxe4 14.
Bg2 e5 15. b4 exd4 16. Bxe4 Bf6 17. Qd3 g6 18. O-O Re8 19. Rfd1 Qe7 20. f3 Be6 21. Nf4 Red8 22. Nxe6 Qxe6 23. Re1 Qh3 24. Ra2 Kg7 25. Rae2 Qd7 26. f4 h6 27. b5 Rbc8 28.
c6 bxc6 29. bxc6 Qd6 30. Bg2 Rc7 31. Rd1 Be7 32. a4 Qb4 33. Qb5 Qc3 34. Red2 Bf6 35.
Rd3 Qc2 36. h4 h5 37. f5 Re8 38. R3d2 Qxf5 39. Qxf5 gxf5 40. Rb1 Re5 41. Rb7 Ree7 42.
Bh3 Be5 43. Rxc7 Rxc7 44. Bg2 Kf6 45. Kf2 Ke6 46. Ke2 Kd6 47. Kd3 Kc5 48. Re2 Bxg3 49. Rc2+ Kd6 50. Rc4 Be5 51. Rb4 f4 52. Bf3 f6 53.
Rb5 Ke6 54. Bxh5 f5 55. Bf3 Kf6 56. h5 Rg7 57. h6 Rh7 58. Rb7 Bc7 59. Kxd4 Ke6 60.
Bd5+ Kd6 61. Bf3 Rxh6 62. Rb5 Rh3 63. Rd5+ Ke6 64. Bg2 Rg3 65. Bf1 f3 66. Bc4 Kf6 67. Rd8 Rg7 68. Rd7 Rxd7+ 69. cxd7 Kg5 70. Ke3 Kg4 71. Kf2 Bb6+ 72. Kf1 Kg3 73. Be6 f4 74. Bc4 Kg4 75. Bb5 Kf5 76. Bc6 Kg4 77. Bb5 Kf5 78. Bc6 Ke6 79. Bb5 Kd5 80. Ke1 Kc5 81. Kf1 Kd6 82. Ke1 Kc5 83. Kf2 a6 84. Bxa6 Kb4+ 85. Kxf3 Kxa4 86. Kxf4 Bd8 87. Ke5 Ka5 88. Bf1 Kb6 89. Ke6 Kc7 90. Bh3 Bh4 91. Kf7 Bd8 92. Ke8 Bh4 93. d8=Q+ Bxd8 94. Bg4 1/2-1/2